 Dungeon Crawl Stone Soup version 0.24-a0-530-g18ba70b503 (webtiles) character file.

Game seed: 5452783552798184852

149 BinkBink the Magician (level 5, 0/35 HPs)
             Began as a Demonspawn Wizard on Aug 7, 2019.
             Killed from afar by Ijyb (14 damage)
             ... with a bolt of acid
             ... on level 3 of the Dungeon.
             The game lasted 00:13:10 (4169 turns).

BinkBink the Magician (Demonspawn Wizard)           Turns: 4169, Time: 00:13:11

Health: 0/35       AC:  1    Str:  8    XL:     5   Next: 9%
Magic:  3/11       EV: 12    Int: 20    God:
Gold:   292        SH:  0    Dex: 11    Spells: 12/13 levels left

rFire    + . .     SeeInvis .   e - +4 whip
rCold    x . .     Gourm    .   (no shield)
rNeg     . . .     Faith    .   a - +0 robe
rPois    .         Spirit   .   n - +1 hat
rElec    .         Reflect  .   (no cloak)
rCorr    .         Harm     .   (no gloves)
MR       .....                  (no boots)
Stlth    ++........             k - amulet of inaccuracy (curse)
HPRegen  0.11/turn              g - ring of fire
MPRegen  0.12/turn              (no ring)

@: corroded
A: hooves 1, iridescent scales 1, foul stench 1, rot immunity
a: no special abilities


You were on level 3 of the Dungeon.
You were near starving.

You visited 1 branch of the dungeon, and saw 3 of its levels.

You collected 292 gold pieces.

Inventory:

Hand Weapons
 e - a +4 whip (weapon)
Armour
 a - a +0 robe (worn)
 n - a +1 hat (worn)
Jewellery
 b - an uncursed ring of positive energy
 g - a ring of fire (left hand)
 k - a cursed amulet of inaccuracy (around neck)
Scrolls
 h - 2 scrolls of identify
 m - a scroll of remove curse {unknown}
Potions
 c - a potion of brilliance
 f - a potion of lignification {unknown}
 i - a potion of ambrosia
 j - a potion of curing
 l - a potion of agility {unknown}
Comestibles
 d - 3 rations


   Skills:
 + Level 1.9 Dodging
 + Level 2.8 Stealth
 + Level 4.5 Spellcasting
 + Level 2.2 Conjurations
   Level 1.0 Summonings
   Level 0.8 Translocations


You had 12 spell levels left.
You knew the following spells:

 Your Spells              Type           Power        Failure   Level  Hunger
a - Magic Dart            Conj           ##..         4%          1    None

Your spell library contained the following spells:

 Spells                   Type           Power        Failure   Level  Hunger
 Call Imp                 Summ           #.......     12%         2    #......
 Blink                    Tloc           N/A          13%         2    #......
 Slow                     Hex            #.......     19%         2    #......
 Conjure Flame            Conj/Fire      ##......     24%         3    ##.....
 Mephitic Cloud           Conj/Pois/Air  #.......     26%         3    ##.....


Dungeon Overview and Level Annotations

Branches:
Dungeon (3/15)

Altars:
Dithmenos
Elyvilon
Nemelex Xobeh

Annotations:
D:3 Ijyb


Innate Abilities, Weirdness & Mutations

You have large cloven feet.
You are partially covered in iridescent scales. (AC +2)
You may emit foul miasma when damaged in melee.
You are immune to rotting.


Message History

Aiming: Magic Dart (safe; 4% risk of failure)
Press: ? - help, Shift-Dir - straight line, f/p - Ijyb
Aim: Ijyb, wielding a +0 club, wearing a +0 leather armour and carrying a wand of acid (6) (moderately wounded)
The magic dart hits Ijyb but does no damage.
Ijyb is moderately wounded.
Ijyb barely misses you.
Casting: Magic Dart (safe; 4% risk of failure)
Confirm with . or Enter, or press ? or * to list all spells.
Aiming: Magic Dart (safe; 4% risk of failure)
Press: ? - help, Shift-Dir - straight line, f/p - Ijyb
Aim: Ijyb, wielding a +0 club, wearing a +0 leather armour and carrying a wand of acid (6) (moderately wounded)
The magic dart hits Ijyb but does no damage.
Ijyb is moderately wounded.
Ijyb zaps a wand.
The bolt of acid hits you! The acid corrodes you!
You are splashed with acid!
Okay, then.
Number of times to repeat, then command key: You must enter the number of times for the command to repeat.
Ijyb zaps a wand.
The bolt of acid hits you!
You die...

....###### #.## #...........#
#.### #..# #...........#
#...# ##.###)..........#
###.# #..##...........# ..#.#
##.#.(...)......# #.#.######
#..............#
#........######.g..##########
#.######.#...(.)...# #...#
..# #.#.##.##@..####...# ###
#.#.##(##..).......#
########'#.##.##..#####.###
#..........##.....#.....#
#..........##..#..#.#####
#.........###....>#.#
#.........#...#####.#####
#.........#.### #รท....######
###########.### ####........


You could see Ijyb.

Vanquished Creatures
  An orc wizard (D:3)
  4 adders
  A worm (D:2)
  5 dart slugs
  3 leopard geckos
  5 orcs (D:3)
  3 ball pythons
  8 bats
  A giant cockroach (D:2)
  14 goblins
  3 hobgoblins (D:1)
  2 frilled lizards
  13 kobolds
  6 rats
69 creatures vanquished.

Notes
Turn   | Place    | Note
-------+----------+-------------------------------------------
     0 | D:1      | BinkBink the Demonspawn Wizard began the quest for the Orb.
     0 | D:1      | Reached XP level 1. HP: 13/13 MP: 4/4
   402 | D:1      | Gained mutation: You are immune to rotting. [demonic
                  | ancestry]
   402 | D:1      | Reached XP level 2. HP: 16/19 MP: 4/6
   862 | D:1      | Gained mutation: You may emit foul miasma when damaged in
                  | melee. [demonic ancestry]
   862 | D:1      | Reached XP level 3. HP: 23/24 MP: 1/8
  1599 | D:2      | Found a white marble altar of Elyvilon.
  1702 | D:2      | Found a shadowy altar of Dithmenos.
  1926 | D:2      | Reached skill level 4 in Spellcasting
  2186 | D:2      | Gained mutation: You have large cloven feet. [demonic
                  | ancestry]
  2186 | D:2      | Reached XP level 4. HP: 30/30 MP: 8/10
  2438 | D:2      | Found a sparkling altar of Nemelex Xobeh.
  4008 | D:3      | Gained mutation: You are partially covered in iridescent
                  | scales. (AC +2) [demonic ancestry]
  4008 | D:3      | Reached XP level 5. HP: 23/35 MP: 0/11
  4153 | D:3      | Noticed Ijyb
  4169 | D:3      | Killed from afar by Ijyb

Levels and vault maps discovered:
D:1:      dpeg_arrival_leaves_temple_mockup, layout_loops_ring,
          bh_walls_and_bars
D:2:      layout_loops_corners, elyvilon_altar_4,
          nemelex_xobeh_ov_fountains_minmay,
          nicolae_dithmenos_through_a_glass_darkly
D:3:      layout_basic, uniq_jessica, uniq_ijyb

Skill      XL: |  1  2  3  4 |
---------------+-------------+-----
Stealth        | 2 |  2.8
Spellcasting   | 4 |  4.5
Conjurations   | 2 |  2.2
Dodging        | |  1.9
Summonings     | |  1.0
Translocations | |  0.8

Action                   |  1- 3 |  4- 6 || total
-------------------------+-------+-------++-------
Melee: Whip              |       |     1 ||     1
 Cast: Magic Dart        |   105 |   116 ||   221
  Use: Scroll            |     4 |     2 ||     6
       Potion            |       |     1 ||     1
  Eat: Chunk             |     2 |     6 ||     8
Armor: Robe              |     2 |     3 ||     5
Dodge: Dodged            |     9 |    20 ||    29

Table legend:
 A = Non-vault XP
 B = Vault XP
 C = Vault XP percentage of total XP
 D = Non-vault monster count
 E = Vault monster count
 F = Vault count percentage of total count
                 A         B        C        D         E       F
            +---------+---------+-------+---------+---------+-------
      Total |     214 |       0 |   0.0 |      69 |       0 |   0.0
            +---------+---------+-------+---------+---------+-------
        D:1 |      55 |       0 |   0.0 |      28 |       0 |   0.0
        D:2 |      61 |       0 |   0.0 |      20 |       0 |   0.0
        D:3 |      98 |       0 |   0.0 |      21 |       0 |   0.0
            +---------+---------+-------+---------+---------+-------
